 Dungeon Crawl Stone Soup version 0.29.0-4-gdea44cf6ec (webtiles) character file.

Game seed: 1746795562517754745

52 qw the Shield-Bearer (level 3, -2/23 HPs)
             Began as a Gargoyle Fighter on Sept 8, 2022.
             Slain by a white imp (3 damage)
             ... on level 3 of the Dungeon.
             The game lasted 00:00:50 (2128 turns).

qw the Shield-Bearer (Gargoyle Fighter)             Turns: 2128, Time: 00:00:51

Health: -2/23      AC: 13    Str: 21    XL:     3   Next: 85%
Magic:  3/3        EV:  5    Int:  8    God:
Gold:   167        SH: 11    Dex:  9    Spells: 2/2 levels left

rFire   . . .      SeeInvis .   Y - +1 war axe
rCold   . . .      Faith    .   h - +0 tower shield
rNeg    + . .      Spirit   .   b - +0 scale mail
rPois   inf        Reflect  .   (no helmet)
rElec   +          Harm     .   k - +0 cloak
rCorr   .          Rampage  .   i - +1 pair of gloves
Will    .....                   (no boots)
Stlth   ..........              (no amulet)
HPRegen 0.07/turn               (no ring)
MPRegen 0.08/turn               (no ring)

@: no status effects
A: sickness immunity, AC +3, negative energy resistance 1, electricity
resistance, torment resistance 1, petrification resistance
a: no special abilities


You were on level 3 of the Dungeon.
You visited 1 branch of the dungeon, and saw 3 of its levels.

You collected 167 gold pieces.


Innate Abilities, Weirdness & Mutations

You are immune to sickness and miasma.
Your stone body is resilient. (AC +3)
You are immune to poison.
You resist negative energy. (rN+)
You are resistant to electric shocks. (rElec)
You are resistant to unholy torment.
You are immune to petrification.


   Skills:
 - Level 3.2 Fighting
 - Level 3.2 Axes
 - Level 3.2 Armour
 + Level 3.9 Shields


You had 2 spell levels left.
You didn't know any spells.
Your spell library was empty.

Inventory:

Hand Weapons
 j - a +0 whip
 Y - a +1 war axe (weapon)
Armour
 b - a +0 scale mail (worn)
 h - a +0 tower shield (worn)
 i - a +1 pair of gloves (worn)
 k - a +0 cloak (worn)
Scrolls
 a - a scroll of identify
 c - a scroll of fog {unknown}
Potions
 d - a potion of might
 e - a potion of lignification {unknown}
 f - a potion of heal wounds {unknown}
 g - a potion of curing {unknown}

Dungeon Overview and Level Annotations

Branches:
Dungeon (3/15)

Altars:
Qazlal

Shops:
D:1 (


Message History

You hit the ball python.
You kill the ball python!
You see here a ball python corpse.
A goblin comes into view. It is wielding a +0 club.
The goblin shouts!
You hear a shout!
A hobgoblin comes into view.
A white imp comes into view.
Enter note:
2115 ||| Stepping ~*~*~tactically~*~*~ (stealth).
The white imp shouts!
2117 ||| Stepping ~*~*~tactically~*~*~ (hiding).
You start waiting.
A goblin is nearby!
You hit the goblin.
You kill the goblin!
You closely miss the hobgoblin.
The hobgoblin hits you but does no damage.
You hit the hobgoblin but do no damage. You block the hobgoblin's attack.
The hobgoblin hits you but does no damage.
You closely miss the hobgoblin.
The hobgoblin hits you but does no damage. x2
You hit the hobgoblin.
The hobgoblin is almost dead.
You block the hobgoblin's attack. The hobgoblin hits you.
The white imp summons a swarm of flies.
You closely miss the hobgoblin.
The hobgoblin is almost dead.
The hobgoblin hits you.
You hit the hobgoblin.
You kill the hobgoblin!
A bat comes into view.
The white imp gestures at you. The puff of frost hits you!
The bat moves out of view.
You hit the white imp but do no damage. The white imp gestures at you.
The puff of frost hits you! The white imp barely misses you.
You barely miss the white imp.
The white imp hits you but does no damage.
The white imp hits you. The white imp freezes you.
You die...

.. . #.# #. .. ...
#.# .5..#..
..g....## #....# #5#
###@# ###...##
###......#
###...####.##
#.....#.....#
###...##..#.....#.#
#......#..#........
....#..##.......#..#
##......#..#...#....


You could see a white imp.

Vanquished Creatures
  2 worms (D:3)
  A dart slug (D:1)
  4 ball pythons
  3 endoplasms
  3 giant cockroaches
  5 goblins
  5 hobgoblins
  3 jackals (D:1)
  A quokka (D:1)
  2 bats
  4 frilled lizards
  2 kobolds (D:1)
  4 rats (D:1)
39 creatures vanquished.

Notes
Turn   | Place    | Note
-------+----------+-------------------------------------------
     0 | D:1      | qw the Gargoyle Fighter began the quest for the Orb.
     0 | D:1      | Reached XP level 1. HP: 14/14 MP: 1/1
     0 | D:1      | 0 ||| qw: Version: 0.1-a-112-g44dc6cd
     0 | D:1      | 0 ||| qw: Game counter: 6798
     0 | D:1      | 0 ||| qw: Always use a shield: true
     0 | D:1      | 0 ||| qw: God list: Okawaru
     0 | D:1      | 0 ||| qw: Allow faded altars: false
     0 | D:1      | 0 ||| qw: Do Orc after D:15 true
     0 | D:1      | 0 ||| qw: Do second Lair branch before Depths: true
     0 | D:1      | 0 ||| qw: Lair rune preference: random
     0 | D:1      | 0 ||| qw: Plans: Normal, Zot, God:TSO, Crypt, Tomb, Zig,
                  | Orb
     0 | D:1      | 0 ||| PLANNING D:1-11
    89 | D:1      | Found Hetea's Antique Weapon Shoppe.
   137 | D:1      | 137 ||| Stepping ~*~*~tactically~*~*~ (hiding).
   139 | D:1      | 139 ||| Stepping ~*~*~tactically~*~*~ (hiding).
   149 | D:1      | Reached XP level 2. HP: 19/19 MP: 2/2
   455 | D:1      | Found a faded altar of an unknown god.
   723 | D:1      | Reached skill level 3 in Axes
   922 | D:1      | 922 ||| UPGRADING to +0 pair of gloves.
   927 | D:1      | 927 ||| UPGRADING to +1 pair of gloves.
   937 | D:1      | 937 ||| DROPPING +0 pair of gloves.
   938 | D:1      | 938 ||| READING 2 scrolls labelled LUANUS SEPOW.
   939 | D:1      | 939 ||| READING scroll labelled BININO QOEM.
   967 | D:2      | Reached XP level 3. HP: 22/23 MP: 3/3
  1066 | D:2      | 1066 ||| Stepping ~*~*~tactically~*~*~ (stealth).
  1284 | D:2      | 1284 ||| STAIRDANCE
  1295 | D:1      | 1295 ||| DROPPING +0 club.
  1296 | D:1      | 1296 ||| UPGRADING to +0 tower shield.
  1306 | D:1      | 1306 ||| DROPPING +0 buckler.
  1307 | D:1      | 1307 ||| READING scroll labelled AWANOI DIPEREO.
  1700 | D:2      | 1700 ||| UPGRADING to +0 cloak.
  1705 | D:2      | 1705 ||| DRINKING 2 coppery potions.
  1809 | D:2      | 1809 ||| DROPPING potion of berserk rage.
  1855 | D:3      | 1855 ||| Stepping ~*~*~tactically~*~*~ (stealth).
  2003 | D:3      | Found a stormy altar of Qazlal.
  2115 | D:3      | 2115 ||| Stepping ~*~*~tactically~*~*~ (stealth).
  2117 | D:3      | 2117 ||| Stepping ~*~*~tactically~*~*~ (hiding).
  2127 | D:3      | HP: 2/23 [white imp/puff of frost (9)]
  2128 | D:3      | Slain by a white imp

Levels and vault maps discovered:
D:1:      lightli_iron_boxes, layout_loops_ring, shapermc_ecumenical_altar_venn,
          serial_shops, nicolae_shop_overgrown_old_shop, minivault_11
D:2:      layout_loops_cross
D:3:      minmay_skewed_foursquare, layout_rooms,
          nicolae_overflow_hidden_temple, old_standard_altar

Skill      XL: |  1  2 |
---------------+-------+-----
Axes           | 2 3 |  3.2
Fighting       | |  3.2
Armour         | |  3.2
Shields        | |  3.9

Action                   || total
-------------------------++-------
Melee: War axe           ||   120
  Use: Scroll            ||     3
       Potion            ||     1
Armor: Scale mail        ||    61
Dodge: Dodged            ||    35
Block: Buckler           ||    15
       Tower shield      ||    27

Table legend:
 A = Non-vault XP
 B = Vault XP
 C = Vault XP percentage of total XP
 D = Non-vault monster count
 E = Vault monster count
 F = Vault count percentage of total count
                 A         B        C        D         E       F
            +---------+---------+-------+---------+---------+-------
      Total |      64 |      11 |  14.7 |      35 |       4 |  10.3
            +---------+---------+-------+---------+---------+-------
        D:1 |      35 |       0 |   0.0 |      20 |       0 |   0.0
        D:2 |      11 |       0 |   0.0 |       7 |       0 |   0.0
        D:3 |      18 |      11 |  37.9 |       8 |       4 |  33.3
            +---------+---------+-------+---------+---------+-------
